 Dungeon Sprint DCSS version 0.27-a0-1116-g91b3acb402 (webtiles) character file.

Game seed: 5564876606615907387

554 mhtbhm the Arsonist (level 7, -4/36 HPs)
             Began as a Deep Elf Fire Elementalist on May 1, 2021.
             Was a Follower of Vehumet.
             Slain by a merfolk
             ... wielding a +0 trident
              (17 damage)
             ... in the Dungeon (Sprint V: "Ziggurat Sprint") on May 2, 2021.
             The game lasted 00:01:07 (243 turns).

mhtbhm the Arsonist (Deep Elf Fire Elementalist)     Turns: 243, Time: 00:01:08

Health: -4/36      AC:  5    Str:  5    XL:     7   Next: 8%
Magic:  12/22      EV: 15    Int: 34    God:    Vehumet [*.....]
Gold:   0          SH:  0    Dex: 15    Spells: 9/25 levels left

rFire    + . .     SeeInvis .   C - +8 lance "Wyrmbane" {slay drac, rPois rF+ rC+ AC+3}
rCold    + . .     Faith    .   (no shield)
rNeg     . . .     Spirit   .   a - +0 robe
rPois    +         Reflect  .   (no helmet)
rElec    .         Harm     .   (no cloak)
rCorr    .         Rampage  .   (no gloves)
Will     .....     NoTele   +   (no boots)
Stlth    +++.......             r - amulet of the acrobat
HPRegen  0.12/turn              u - +6 ring of intelligence
MPRegen  0.18/turn              v - +6 ring of intelligence

@: no status effects
A: no striking features
a: Renounce Religion


You were in the Dungeon.
You worshipped Vehumet.
Vehumet was aware of your devotion.
You visited 1 branch

Inventory:

Hand Weapons
 C - the +8 lance "Wyrmbane" (weapon) {slay drac, rPois rF+ rC+ AC+3}
   (You found it in the Dungeon)

   It affects your AC (+3).
   It protects you from fire.
   It protects you from cold.
   It protects you from poison.
Armour
 a - a +0 robe (worn)
Jewellery
 r - an amulet of the acrobat (around neck)
 u - a +6 ring of intelligence (left hand)
 v - a +6 ring of intelligence (right hand)
Wands
 y - a wand of mindburst (7)
 z - a wand of iceblast (5)
 A - a wand of acid (6)
Scrolls
 h - 3 scrolls of blinking
 m - 4 scrolls of amnesia
 n - 7 scrolls of fog
 o - a scroll of holy word
 p - 5 scrolls of identify
 q - 2 scrolls of fear
Potions
 b - 2 potions of brilliance
 c - 10 potions of curing
 d - 10 potions of heal wounds
 e - 6 potions of haste
 f - 7 potions of magic
 g - 3 potions of berserk rage
 i - 2 potions of invisibility
 j - 4 potions of resistance
 k - a potion of experience
 l - 5 potions of might
Miscellaneous
 s - a piece from Xom's chessboard (15/15)
 B - a lightning rod (4/4)


   Skills:
 + Level 6.9 Dodging
 + Level 6.1 Stealth
 + Level 9.5 Spellcasting
 + Level 2.5 Conjurations
 + Level 12.2 Fire Magic
 + Level 3.0 Evocations


You had 9 spell levels left.
You knew the following spells:

 Your Spells              Type           Power      Damage    Failure   Level
a - Foxfire               Conj/Fire      100%       2x1d9     1%          1
b - Conjure Flame         Conj/Fire      61%        6-21      1%          3
c - Inner Flame           Hex/Fire       55%        N/A       1%          3
d - Sticky Flame          Conj/Fire      61%        2d8       1%          4
e - Fireball              Conj/Fire      30%        3d13      3%          5

Your spell library contained the following spells:

 Spells                   Type           Power      Damage    Failure   Level
 Freeze                   Ice            64%        1d8       2%          1
 Ignite Poison            Fire/Tmut/Pois 43%        N/A       1%          3
 Olgreb's Toxic Radiance  Pois           16%        N/A       28%         4
 Eringya's Noxious Bog    Tmut/Pois      8%         N/A       99%         6


Dungeon Overview and Level Annotations

Branches:
Dungeon (1/1)

Altars:
Ashenzari
Cheibriados
Dithmenos
Elyvilon
Fedhas
Gozag
Hepliaklqana
Kikubaaqudgha
Makhleb
Nemelex Xobeh
Okawaru
Qazlal
Ru
Sif Muna
Trog
Uskayaw
Vehumet
Wu Jian
Xom
Yredelemnul
Zin
The Shining One
Beogh
Jiyva
Lugonu

Annotations:
D 1 transporter


Message History

Welcome to arena 3.
You enter the transporter and appear at another place. 4 merfolk come into view.
The merfolk shouts! x2
The merfolk unwields a +0 trident.
The merfolk drops a +0 trident.
The merfolk picks up a +1 vorpal battleaxe.
The merfolk wields a +1 vorpal battleaxe.
Found four items.
Found a transporter.
Unknown command.
Casting: Fireball (quite dangerous; 3% risk of failure)
Confirm with . or Enter, or press ? or * to list all spells.
The spell is quite dangerous to cast (3% risk of failure)!
Continue anyway?
Aiming: Fireball (quite dangerous; 3% risk of failure)
Press: ? - help, Shift-Dir - straight line, f - merfolk
Aim: a merfolk, wielding a +0 trident The fireball explodes!
The fireball engulfs the merfolk.
The merfolk is lightly wounded.
The fireball engulfs the merfolk!!
The merfolk is heavily wounded.
The fireball engulfs the merfolk!!
The merfolk is heavily wounded.
The merfolk shouts!
The merfolk hits you from afar with a +0 trident.
Unknown command.
Unknown command.
Casting: Fireball (quite dangerous; 3% risk of failure)
Confirm with . or Enter, or press ? or * to list all spells.
The spell is quite dangerous to cast (3% risk of failure)!
Continue anyway?
Aiming: Fireball (quite dangerous; 3% risk of failure)
Press: ? - help, Shift-Dir - straight line, f/p - merfolk
Aim: a merfolk, wielding a +0 trident (lightly wounded)
The fireball explodes!
The fireball engulfs the merfolk!
The merfolk is moderately wounded.
The fireball engulfs the merfolk!!
The merfolk is severely wounded.
The fireball engulfs the merfolk!!
The merfolk is almost dead.
The merfolk throws a boomerang.
The boomerang misses you.
The merfolk hits you from afar with a +0 trident! x2
You die...

▓▓▓▓▓▓▓▓▓▓▓▓▓▓▓▓▓▓▓
▓.8©8.▓.8©8.▓.8©8.▓
▓.})[.▓..)†.▓.....▓
▓.m:..▓.....▓.)...▓
▓..m..▓.....▓.....▓
▓..mm.▓.....▓.....▓
▓.....▓.....▓..©..▓
▓..@..▓..©..▓▓▓▓▓▓▓
▓▓▓▓▓▓▓▓▓▓▓▓▓


You could see 4 merfolk.

Vanquished Creatures
  A jumping spider (D)
  A slime creature (D)
  2 scorpions (D)
  A jelly (D)
5 creatures vanquished.

Notes
Turn   | Place    | Note
-------+----------+-------------------------------------------
     0 | D        | mhtbhm the Deep Elf Fire Elementalist began the quest for
                  | the Orb.
     0 | D        | Reached XP level 1. HP: 10/10 MP: 6/6
     0 | D        | Found a shimmering blue altar of Sif Muna.
     0 | D        | Found a bloodstained altar of Trog.
     0 | D        | Found a sacrificial altar of Ru.
     0 | D        | Found a stormy altar of Qazlal.
     0 | D        | Found an iron altar of Okawaru.
     1 | D        | Found a sparkling altar of Nemelex Xobeh.
     1 | D        | Found a blossoming altar of Fedhas.
     2 | D        | Found the +6 Majin-Bo {vamp, MP+6 Int+6}
     2 | D        | Found the +9 heavy crossbow "Sniper" {vorpal, Acc+∞ SInv}
     2 | D        | Found the +10 dark maul {vorpal}
     2 | D        | Found the +15 Maxwell's patent armour {-Cast -Tele rElec
                  | Will+ rCorr}
     2 | D        | Found the +18 shield of the Gong {rElec rN+ Will+ EV-5}
     2 | D        | Found the +14 obsidian axe {vorpal, Drain Fly SInv}
     2 | D        | Found the +7 great mace "Firestarter" {inner flame, rF++}
     2 | D        | Found the +6 shillelagh "Devastator" {shatter}
     2 | D        | Found the +11 plutonium sword {Contam Stlth-}
     2 | D        | Found the +8 lance "Wyrmbane" {slay drac, rPois rF+ rC+
                  | AC+3}
     2 | D        | Found the +9 sword of Zonguldrok {reap}
     2 | D        | Found the +13 scythe of Curses {drain, Drain}
     2 | D        | Found the +5 sword of Power {vorpal}
     2 | D        | Found the +7 mace of Variability {chain chaos}
     2 | D        | Found the +7 Singing Sword {vorpal, sonic wave}
     2 | D        | Found the +8 storm bow {elec, penet}
     3 | D        | Found a transporter.
     3 | D        | Found an ancient bone altar of Kikubaaqudgha.
     3 | D        | Found a viscous altar of Jiyva.
     3 | D        | Found a corrupted altar of Lugonu.
     3 | D        | Found a hazy altar of Hepliaklqana.
     3 | D        | Found a burning altar of Makhleb.
     3 | D        | Found an opulent altar of Gozag.
    26 | D        | Became a worshipper of Vehumet
    55 | D        | Entered arena 2.
    55 | D        | Noticed a jelly
    55 | D        | Noticed a slime creature
    55 | D        | Found a transporter.
    57 | D        | Killed a jelly
    58 | D        | Reached skill level 6 in Fire Magic
    58 | D        | Reached XP level 2. HP: 15/15 MP: 6/9
    58 | D        | Reached XP level 3. HP: 19/19 MP: 7/11
    61 | D        | Killed a slime creature
    62 | D        | Reached skill level 5 in Dodging
    62 | D        | Reached skill level 10 in Fire Magic
    62 | D        | Reached XP level 4. HP: 24/24 MP: 8/15
    62 | D        | Reached XP level 5. HP: 28/28 MP: 8/16
    65 | D        | Got Sif Muna's Papyrus of Intoxication
   117 | D        | Learned a level 3 spell: Conjure Flame
   121 | D        | Learned a level 3 spell: Inner Flame
   126 | D        | Learned a level 4 spell: Sticky Flame
   132 | D        | Learned a level 5 spell: Fireball
   135 | D        | Entered arena 3.
   135 | D        | Noticed a jumping spider
   135 | D        | Found a transporter.
   136 | D        | Reached * piety under Vehumet
   136 | D        | Offered knowledge of Freeze by Vehumet.
   137 | D        | Reached skill level 5 in Stealth
   137 | D        | Reached XP level 6. HP: 32/32 MP: 11/18
   137 | D        | Killed a jumping spider
   138 | D        | Reached skill level 12 in Fire Magic
   139 | D        | Reached XP level 7. HP: 36/36 MP: 5/22
   241 | D        | Entered arena 4.
   241 | D        | Noticed a merfolk
   241 | D        | Noticed a merfolk
   241 | D        | Noticed a merfolk
   241 | D        | Noticed a merfolk
   241 | D        | Found a transporter.
   243 | D        | Slain by a merfolk

Illustrated notes

Levels and vault maps discovered:
D:        sprint_v [room_start, room_1, room_2, room_3, room_4, room_5, room_6,
          room_7, room_8, room_9, room_10, room_11, room_12, room_13, room_14,
          room_15, room_16, room_17, room_18, room_19, room_20, room_21,
          room_22, room_23, room_24, room_25, room_26, room_27]

Skill      XL: |  1  2  3  4  5  6 |
---------------+-------------------+-----
Dodging        | 3 5 6 |  6.9
Stealth        | 3 4 5 6 |  6.1
Spellcasting   | 4 7 9 |  9.5
Fire Magic     | 6 10 12 | 12.2
Evocations     | 2 3 |  3.0
Conjurations   | 2 |  2.5

Action                   |  1- 3 |  4- 6 |  7- 9 || total
-------------------------+-------+-------+-------++-------
 Cast: Fireball          |       |     3 |     2 ||     5
Evoke: Wand              |     3 |       |       ||     3
       Lightning rod     |     2 |       |       ||     2
  Use: Scroll            |     1 |       |       ||     1
Dodge: Dodged            |       |       |     1 ||     1

Table legend: (Time is in decaauts)
 A = Elapsed time spent in this place.
 B = Non-inter-level travel time spent in this place.
 C = Inter-level travel time spent in this place.
 D = Time resting spent in this place.
 E = Time spent auto-exploring this place.
 F = Levels seen in this place.
 G = Mean time per level.
                   A        B        C        D        E       F      G
               +--------+--------+--------+--------+--------+-----+--------+
         Total |    241 |    241 |      0 |    132 |      0 |   1 |  241.0 |
       Dungeon |    241 |    241 |      0 |    132 |      0 |   1 |  241.0 |
               +--------+--------+--------+--------+--------+-----+--------+

Top non-repeatable levels by time:
       D: 241 daAuts
